 Dungeon Crawl Stone Soup version 0.28.0-53-g5a82cb258f (webtiles) character file.

Game seed: 4919318587666375876

160150 LustLizard the Earth Mage (level 17, 0/157 HPs)
             Began as a Grey Draconian Ice Elementalist on Aug 11, 2022.
             Was the Champion of Qazlal.
             Slain by a manticore (4 damage)
             ... on level 4 of the Shoals.
             The game lasted 02:48:40 (45271 turns).

LustLizard the Earth Mage (DrIE)                   Turns: 45271, Time: 02:48:41

Health: 0/157      AC: 23    Str: 18    XL:     17   Next: 17%
Magic:  30/30      EV: 12    Int: 27    God:    Qazlal [******]
Gold:   1912       SH: 14    Dex: 16    Spells: 1/34 levels left

rFire   . . .      SeeInvis .   P - +9 hand axe "Iliutid" {vorpal, rElec rN++ Int+4 Stlth+}
rCold   + . .      Faith    .   N - +0 buckler
rNeg    + + .      Spirit   .   (armour unavailable)
rPois   .          Reflect  .   o - +1 hat
rElec   +          Harm     .   (no cloak)
rCorr   +          Rampage  .   x - +2 pair of gloves {Str+3}
Will    +++..                   l - +1 pair of boots
Stlth   +.........              R - amulet of regeneration
HPRegen 1.16/turn               d - ring of Contentment {rC+ Will+ rCorr Dex+4}
MPRegen 0.22/turn               C - ring of willpower

@: spiked, protected from physical damage, studying Evocations, repel missiles
A: AC +14, amphibious, unfitting armour, cold-blooded, stinger 1, clever 1,
robust 1, strong 1
a: Renounce Religion, Upheaval, Elemental Force, Disaster Area


You were on level 4 of the Shoals.
You worshipped Qazlal.
Qazlal was exalted by your worship.
You visited 5 branches of the dungeon, and saw 28 of its levels.
You also visited: Gauntlet and Ice Cave.

You collected 5225 gold pieces.
You spent 3313 gold pieces at shops.

Inventory:

Hand Weapons
 P - the +9 hand axe "Iliutid" (weapon) {vorpal, rElec rN++ Int+4 Stlth+}
   (You found it on level 9 of the Dungeon)

   It inflicts extra damage upon your enemies.
   Int:       It affects your intelligence (+4).
   rElec:     It insulates you from electricity.
   rN:        It greatly protects you from negative energy.
   Stlth:     It makes you more stealthy.
Missiles
 e - 4 datura-tipped darts
 t - 9 curare-tipped darts
 z - 41 poisoned darts
 I - 8 throwing nets
 K - 2 atropa-tipped darts
Armour
 l - a +1 pair of boots (worn)
 o - a +1 hat (worn)
 x - a +2 pair of gloves of strength (worn)
 N - a +0 buckler (worn)
Jewellery
 a - a ring of poison resistance
 d - the ring of Contentment (left hand) {rC+ Will+ rCorr Dex+4}
   (You acquired it on level 2 of the Lair of Beasts)

   [ring of resist corrosion]

   Dex:       It affects your dexterity (+4).
   rC:        It protects you from cold.
   rCorr:     It protects you from acid and corrosion.
   Will:      It increases your willpower.
 r - a ring of protection from cold
 C - a ring of willpower (right hand)
 R - an amulet of regeneration (around neck)
 V - a ring of see invisible
 X - a ring of flight
Wands
 A - a wand of iceblast (27)
 H - a wand of polymorph (22)
 J - a wand of mindburst (23)
 S - a wand of acid (15)
 W - a wand of flame (27)
Scrolls
 b - 3 scrolls of holy word
 c - 2 scrolls of fog
 f - 4 scrolls of immolation
 g - 4 scrolls of blinking
 n - 2 scrolls of amnesia
 q - 5 scrolls of teleportation
 s - 4 scrolls of magic mapping
 u - 8 scrolls of enchant armour
 y - 2 scrolls of summoning
 B - a scroll of enchant weapon
 F - 5 scrolls of fear
Potions
 i - 4 potions of haste
 k - 2 potions of brilliance
 m - 10 potions of curing
 p - 2 potions of heal wounds
 v - 3 potions of ambrosia
 w - a potion of cancellation
 G - a potion of resistance
 L - 5 potions of lignification
 O - 6 potions of mutation
 Q - 4 potions of might
 Z - 5 potions of magic
Miscellaneous
 D - a tin of tremorstones (2/2)
 E - a phantom mirror
 Y - a condenser vane


   Skills:
 + Level 10.8 Fighting
 * Level 7.2 Axes
 - Level 1.7 Dodging
 - Level 4.0 Stealth
 - Level 7.0 Shields
 + Level 9.3 Spellcasting
 - Level 12.8 Conjurations
 - Level 3.0 Translocations
 - Level 6.4 Transmutations
 * Level 7.0 Fire Magic
 - Level 6.3 Ice Magic
 * Level 15.2 Earth Magic
 - Level 6.4 Poison Magic
 * Level 14.0 Invocations
 * Level 10.7 Evocations


You had one spell level left.
You knew the following spells:

 Your Spells              Type           Power      Damage    Failure   Level
a - Mephitic Cloud        Conj/Pois/Air  47%        N/A       1%          3
b - Frozen Ramparts       Ice            92%        1d11      1%          3
c - Iron Shot             Conj/Erth      36%        9d7       2%          6
d - Stone Arrow           Conj/Erth      100%       3d13      1%          3
e - Blink                 Tloc           56%        N/A       2%          2
f - Ozocubu's Armour      Ice            46%        N/A       1%          3
g - Lee's Rapid Deconstr  Erth           38%        3d20*     1%          5
i - Ignite Poison         Fire/Tmut/Pois 48%        N/A       1%          3
j - Fireball              Conj/Fire      30%        3d13      2%          5

Your spell library contained the following spells:

 Spells                   Type           Power      Damage    Failure   Level
 Sandblast                Erth           100%       2d20      0%          1
 Freeze                   Ice            100%       1d11      1%          1
 Passwall                 Tmut/Erth      52%        N/A       1%          2
 Spider Form              Tmut/Pois      47%        N/A       1%          3
 Hailstorm                Conj/Ice       59%        3d13      1%          4
 Petrify                  Tmut/Erth      63%        N/A       1%          4
 Iskenderun's Battlesphe  Conj           70%        2d12      1%          5
 Ensorcelled Hibernation  Hex/Ice        58%        N/A       2%          2
 Poisonous Vapours        Pois/Air       60%        N/A       2%          2
 Iskenderun's Mystic Bla  Conj/Tloc      53%        2d11      2%          4
 Irradiate                Conj/Tmut      29%        3d23      3%          5
 Fulminant Prism          Conj/Hex       23%        3d13      4%          4
 Lesser Beckoning         Tloc           28%        N/A       5%          3
 Corpse Rot               Necr/Air       24%        N/A       9%          2
 Statue Form              Tmut/Erth      42%        N/A       11%         6
 Blade Hands              Tmut           23%        N/A       12%         5
 Freezing Cloud           Conj/Ice/Air   23%        6-21      12%         5
 Starburst                Conj/Fire      30%        6d9       16%         6
 Manifold Assault         Tloc           28%        N/A       43%         5
 Anguish                  Hex/Necr       6%         N/A       52%         4
 Dispel Undead            Necr           12%        3d9       52%         4
 Summon Forest            Summ/Tloc      10%        N/A       65%         5
 Summon Mana Viper        Hex/Summ       12%        N/A       86%         5
 Dragon Form              Tmut           23%        N/A       98%         7
 Spellforged Servitor     Conj/Summ      23%        N/A       98%         7
 Death Channel            Necr           6%         N/A       100%        6
 Summon Cactus Giant      Summ           6%         N/A       100%        6
 Ignition                 Fire           25%        3d8       100%        8
 Shatter                  Erth           38%        3d30*     100%        9


Dungeon Overview and Level Annotations

Branches:
Dungeon (15/15)            Temple (1/1) D:6            Lair (6/6) D:8
 Shoals (4/4) Lair:4       Spider (0/4) Lair:4        Slime (0/5) Lair:6
    Orc (2/2) D:12            Elf (0/3) Orc:2        Vaults (0/5) D:13
 Depths (0/4) D:15          IceCv (visited)         Gauntlet (visited)

Altars:
Cheibriados
Dithmenos
Elyvilon
Fedhas
Gozag
Hepliaklqana
Kikubaaqudgha
Okawaru
Qazlal
Ru
Sif Muna
Trog
Uskayaw
Vehumet
Wu Jian
Xom
Yredelemnul
Zin
The Shining One
Jiyva

Shops:
D:7 *   D:10 *   D:11 *   Orc:2 [[=[?   Shoals:1 [   Shoals:3 (

Portals:
Abyss: D:9

Annotations:
D:7 2 transporters, FrogKing's ghost, novice DECj
D:9 2 transporters, cbfl8's ghost, novice TrSu
Shoals:3 exclusion: downstairs
Shoals:4 Mlioglotl


Innate Abilities, Weirdness & Mutations

Your dull iron-grey scales are very hard. (AC +14)
You are amphibious.
You cannot fit into any form of body armour.
You are cold-blooded and may be slowed by cold attacks.
Your tail ends in a venomous barb.
Your mind is acute. (Int +2)
You are robust. (+10% HP)
Your muscles are strong. (Str +2)


Message History

The merfolk javelineer throws a javelin.
The javelin pierces through you.
The javelin pierces through the faun!!
The faun dies!
The alligator snapping turtle bites you from afar.
The snapping turtle is engulfed in freezing vapours.
The snapping turtle bites you from afar!
* * * LOW HITPOINT WARNING * * *
The merfolk throws a boomerang.
The boomerang hits you.
* * * LOW HITPOINT WARNING * * *
The merfolk is engulfed in blazing flames.
The merfolk hits you from afar with a +0 trident!
* * * LOW HITPOINT WARNING * * *
The faun gestures at you while chanting.
You resist with almost no effort.
The manticore flicks its tail.
The volley of spikes hits you!
The barbed spikes become lodged in your body.
* * * LOW HITPOINT WARNING * * *
The manticore bites you.
* * * LOW HITPOINT WARNING * * *
The manticore claws you but does no damage.
The manticore barely misses you.
You shred the net and break free!
You hear an angry hiss. x2
The merfolk is engulfed in blazing flames.
You block the merfolk's attack.
The merfolk is engulfed in freezing vapours.
The merfolk closely misses you.
The merfolk avatar chants a haunting song.
You resist with almost no effort.
An alligator snapping turtle comes into view.
You block the alligator snapping turtle's attack.
The merfolk misses you.
A snapping turtle comes into view.
The merfolk is engulfed in blazing flames.
The merfolk hits you from afar with a +0 trident.
* * * LOW HITPOINT WARNING * * *
You feel more protected from physical attacks.
The manticore closely misses you. The manticore claws you.
You die...

≈≈........
≈≈≈m.##..... ≈≈≈m#
≈≈≈..####### ..
≈≈.m.......### #..≈
PP...m.......#...≈.
PP...mmmmt....t.≈..
.....c.○§t..##.≈≈≈≈
.....m.@H.$H...≈≈≈≈
t....m.H..≈.m..≈≈≈≈
P#P.....§......≈≈≈≈
#P#.....).$...≈≈≈≈
.. #...............
. .................
..................
..≈≈≈≈≈≈≈....[.≈≈.
...........≈≈≈≈


You could see 2 alligator snapping turtles, a merfolk avatar, a merfolk impaler,
a merfolk javelineer, a merfolk aquamancer, 2 snapping turtles, 7 merfolk, a
faun and 3 manticores.

Vanquished Creatures
  Kirke (D:15)
  Polyphemus (Shoals:2)
  Roxanne (Shoals:2)
  Ilsuiw (Shoals:2)
  A stone giant (D:15)
  A minotaur (Gauntlet)
  2 merfolk javelineers
  Snorg (D:12)
  2 merfolk impalers
  Erolcha (D:9)
  A spectral kraken (Shoals:1)
  Harold (Orc:1)
  5 ogre magi
  12 hydras
  2 alligator snapping turtles
  3 ghost crabs (Shoals:1)
  A merfolk avatar (Lair:6)
  3 boulder beetles
  21 two-headed ogres
  A catoblepas (Shoals:2)
  7 centaur warriors
  2 merfolk aquamancers (Shoals:3)
  A death knight (D:14)
  7 death yaks
  3 tengu warriors
  A satyr (Shoals:3)
  An orc high priest (Orc:1)
  A skeletal warrior (D:13)
  11 sea snakes
  A death drake (Gauntlet)
  A wizard (D:15)
  A harpy (shapeshifter) (D:14)
  3 wolf spiders (Lair:4)
  2 orc knights (Orc:1)
  32 harpies
  A wolf spider zombie (Gauntlet)
  Pikel (D:9)
  A deep elf pyromancer (D:14)
  15 ugly things
  8 manticores
  An orc sorcerer (Orc:1)
  7 fauns
  An oklob plant (Gauntlet)
  20 elephants
  5 cyclopes
  A spectral centaur (Gauntlet)
  A centaur zombie (D:11)
  3 water nymphs
  5 black mambas
  3 merfolk sirens
  A gargoyle (D:14)
  2 torpor snails
  An ice statue (D:12)
  12 cane toads
  Maggie (D:10)
  2 unseen horrors (D:12)
  A spectral sea snake (Shoals:1)
  2 minotaur zombies (Gauntlet)
  5 kobold demonologists (D:13)
  7 komodo dragons
  7 yaktaurs
  7 rime drakes
  A freezing wraith (D:14)
  8 spectral merfolk (Shoals:1)
  A spectral water nymph (Shoals:1)
  5 harpy zombies (Shoals:2)
  3 polar bears
  5 trolls
  A spectral manticore (Shoals:1)
  12 merfolk
  6 wind drakes
  5 hornets
  11 blink frogs
  Grinder (D:6)
  17 slime creatures
  7 snapping turtles
  4 dream sheep (Shoals:3)
  A meliai zombie (Gauntlet)
  A spectral wind drake (Shoals:1)
  Sigmund (D:6)
  A vampire (D:10)
  11 water elementals
  A culicivora (Lair:4)
  3 wraiths
  2 wyverns
  A human (D:15)
  13 vampire mosquitoes
  7 basilisks
  3 hogs
  46 yaks
  3 steam dragons
  Menkaure (D:6)
  4 acid dragons
  A warg (Orc:2)
  A spectral snapping turtle (Shoals:1)
  Duvessa (D:6)
  16 water moccasins
  6 black bears
  A manticore zombie (Shoals:2)
  24 orc warriors
  31 ogres
  5 boggarts (D:15)
  14 centaurs
  2 lemures (D:9)
  7 kobold brigands
  14 bullfrogs
  2 gnoll sergeants
  4 scorpions
  A wyvern zombie (D:7)
  A water moccasin zombie (D:7)
  Dowan (D:6)
  A water moccasin skeleton (D:5)
  An elephant simulacrum (IceCv)
  8 wights
  11 electric eels
  2 howler monkeys
  6 hounds
  19 orc priests
  7 centaur skeletons
  An iguana (D:4)
  22 orc wizards
  A wolf simulacrum (IceCv)
  A howler monkey zombie (D:7)
  15 gnolls
  A howler monkey skeleton (D:7)
  9 adders
  A shadow imp (D:8)
  2 worms
  4 dart slugs
  64 orcs
  3 ball pythons
  2 bats
  4 endoplasms
  3 giant cockroaches
  7 goblins
  7 hobgoblins
  2 jackals (D:1)
  13 kobolds
  3 quokkas
  A frilled lizard (D:1)
  9 rats
805 creatures vanquished.

Vanquished Creatures (others)
  A harpy (Shoals:4)
  A faun (Shoals:4)
  A water elemental (Shoals:3)
  An orc wizard (Orc:1)
  An orc (Orc:1)
  A demonic plant (Gauntlet)
  25 fungi
  152 plants
  5 tentacles (Shoals:1)
  13 withered plants (Shoals:1)
201 creatures vanquished.

Grand Total: 1006 creatures vanquished

Notes
Turn   | Place    | Note
-------+----------+-------------------------------------------
     0 | D:1      | LustLizard the Draconian Ice Elementalist began the quest
                  | for the Orb.
     0 | D:1      | Reached XP level 1. HP: 14/14 MP: 3/3
   202 | D:1      | Reached XP level 2. HP: 4/22 MP: 1/5
   980 | D:1      | Reached skill level 1 in Fighting
  1193 | D:1      | Reached XP level 3. HP: 14/28 MP: 6/6
  1716 | D:2      | Learned a level 3 spell: Frozen Ramparts
  2203 | D:3      | Found a snail-covered altar of Cheibriados.
  2648 | D:3      | Reached XP level 4. HP: 28/35 MP: 2/7
  3136 | D:3      | Learned a level 2 spell: Ensorcelled Hibernation
  3210 | D:4      | Noticed a black bear
  3428 | D:4      | Noticed a scorpion
  3432 | D:4      | Reached XP level 5. HP: 30/41 MP: 4/8
  3446 | D:4      | Reached skill level 5 in Ice Magic
  3642 | D:4      | Killed a black bear
  3643 | D:4      | Reached XP level 6. HP: 49/50 MP: 0/10
  4200 | D:5      | Entered Level 5 of the Dungeon
  4233 | D:5      | Reached skill level 1 in Evocations
  4498 | D:5      | Noticed a wraith
  4598 | D:5      | Your scales start taking on a dull iron-grey colour.
  4598 | D:5      | Reached XP level 7. HP: 14/56 MP: 8/12
  4926 | D:4      | Learned a level 3 spell: Stone Arrow
  5082 | D:5      | Learned a level 2 spell: Blink
  5392 | D:5      | Reached skill level 1 in Earth Magic
  5529 | D:5      | Reached skill level 1 in Conjurations
  5740 | D:6      | Reached skill level 1 in Translocations
  5805 | D:6      | Noticed Grinder
  6003 | D:6      | Reached skill level 2 in Earth Magic
  6176 | D:6      | Found a staircase to the Ecumenical Temple.
  6213 | Temple   | Entered the Ecumenical Temple
  6240 | Temple   | Became a worshipper of Qazlal Stormbringer
  6264 | D:6      | Noticed Menkaure
  6333 | D:6      | Noticed Sigmund
  6767 | D:5      | Reached XP level 8. HP: 63/63 MP: 7/13
  7121 | D:6      | Noticed Dowan
  7295 | D:6      | Noticed Duvessa
  7303 | D:6      | Killed Duvessa
  7304 | D:6      | Reached skill level 1 in Invocations
  7305 | D:6      | Killed Dowan
  7461 | D:6      | Killed Sigmund
  7462 | D:6      | Reached skill level 3 in Earth Magic
  7895 | D:6      | Killed Menkaure
  8432 | D:7      | Reached skill level 4 in Earth Magic
  8475 | D:7      | Found Izudied's General Store.
  8599 | D:7      | Reached XP level 9. HP: 71/71 MP: 3/15
  8696 | D:7      | Found an ancient bone altar of Kikubaaqudgha.
  8698 | D:7      | Found an opulent altar of Gozag.
  9209 | D:7      | Found a transporter.
  9311 | D:7      | Found a transporter.
  9311 | D:7      | Noticed FrogKing's ghost (novice DECj)
  9763 | D:8      | Noticed a six-headed hydra
  9962 | D:8      | Reached skill level 5 in Earth Magic
 10272 | D:8      | Found a staircase to the Lair.
 10272 | D:8      | Noticed a green ugly thing
 10272 | D:8      | Noticed a komodo dragon
 10359 | D:8      | Killed a six-headed hydra
 10360 | D:8      | Reached skill level 5 in Evocations
 10689 | D:8      | Reached skill level 5 in Fighting
 10762 | D:8      | Reached skill level 5 in Conjurations
 10762 | D:8      | Reached skill level 6 in Earth Magic
 10762 | D:8      | Reached skill level 5 in Invocations
 11072 | D:6      | Learned a level 3 spell: Ozocubu's Armour
 11084 | D:6      | Killed Grinder
 11085 | D:6      | Reached XP level 10. HP: 81/81 MP: 7/17
 11753 | D:8      | Killed a green ugly thing
 11754 | D:8      | Reached skill level 5 in Spellcasting
 12009 | D:8      | Found a blossoming altar of Fedhas.
 12035 | D:8      | Found a glowing golden altar of the Shining One.
 12341 | D:9      | Noticed Erolcha
 12498 | D:9      | Reached * piety under Qazlal
 12679 | D:9      | Found a transporter.
 12706 | D:9      | Noticed a toenail golem
 12754 | D:9      | Found a radiant altar of Vehumet.
 12759 | D:9      | Noticed Pikel
 12799 | D:9      | Killed Pikel
 12800 | D:9      | Reached skill level 7 in Earth Magic
 12926 | D:9      | Noticed a cyclops
 12926 | D:9      | Noticed a two-headed ogre
 12926 | D:9      | a cyclops changed into a two-headed ogre
 12949 | D:9      | Found a transporter.
 12950 | D:9      | Found a one-way gate to the infinite horrors of the Abyss.
 12950 | D:9      | Noticed cbfl8's ghost (novice TrSu)
 12970 | D:9      | Reached skill level 1 in Shields
 13033 | D:9      | Identified the +9 hand axe "Iliutid" {vorpal, rElec rN++
                  | Int+4 Stlth+}
 13501 | D:9      | Noticed a satyr
 13766 | D:9      | Noticed a boulder beetle
 13857 | D:9      | Killed Erolcha
 13858 | D:9      | Reached skill level 1 in Axes
 14002 | D:9      | Killed a boulder beetle
 14130 | D:9      | Noticed a two-headed ogre
 14136 | D:9      | Killed a two-headed ogre
 14137 | D:9      | Reached XP level 11. HP: 89/89 MP: 6/19
 14320 | D:10     | Entered Level 10 of the Dungeon
 14786 | D:10     | Noticed Maggie
 14799 | D:10     | Killed Maggie
 15140 | D:10     | Found Joazeh's Demolitions Depot.
 15160 | D:10     | Bought a book of Blasting for 480 gold pieces
 15166 | D:10     | Learned a level 5 spell: Lee's Rapid Deconstruction
 15535 | D:11     | Reached skill level 8 in Earth Magic
 15616 | D:11     | Noticed a two-headed ogre
 15626 | D:11     | Killed a two-headed ogre
 15893 | D:11     | Reached ** piety under Qazlal
 15972 | D:11     | Noticed a four-headed hydra
 16516 | D:11     | Found Xaryag Etis's Assorted Antiques.
 16522 | D:11     | Bought a scroll labelled GALUVE FOASUIPP for 30 gold pieces
 16522 | D:11     | Bought a scroll labelled JIFEOGE GUSK for 30 gold pieces
 16522 | D:11     | Bought a triangular beryl amulet for 150 gold pieces
 16529 | D:11     | Identified the +1 plate armour of a bazaar {Rampage Str-4
                  | Int+4}
 16609 | D:11     | Killed a four-headed hydra
 16781 | D:11     | Noticed a five-headed hydra
 16786 | D:11     | Killed a five-headed hydra
 17040 | D:12     | Found a frozen archway.
 17165 | IceCv    | Entered an ice cave
 17165 | IceCv    | Noticed a white ugly thing
 17178 | D:12     | Killed a white ugly thing
 17838 | D:12     | Noticed a boulder beetle
 17864 | D:12     | Killed a boulder beetle
 17865 | D:12     | Reached skill level 9 in Earth Magic
 17865 | D:12     | Reached XP level 12. HP: 81/97 MP: 8/21
 18005 | D:12     | Noticed a two-headed ogre
 18012 | D:12     | Killed a two-headed ogre
 18027 | D:12     | Reached skill level 5 in Shields
 18031 | D:12     | Reached *** piety under Qazlal
 18230 | D:12     | Noticed Snorg
 18245 | D:12     | Killed Snorg
 18246 | D:12     | Reached skill level 5 in Axes
 18311 | D:12     | Found a staircase to the Orcish Mines.
 19040 | D:13     | Noticed a centaur warrior
 19048 | D:13     | Killed a centaur warrior
 19245 | D:13     | Noticed a centaur warrior
 19256 | D:13     | Killed a centaur warrior
 19257 | D:13     | Reached skill level 10 in Earth Magic
 19509 | D:13     | Noticed a two-headed ogre
 19516 | D:13     | Killed a two-headed ogre
 19783 | D:13     | Noticed a centaur warrior
 19794 | D:13     | Killed a centaur warrior
 20117 | D:13     | Reached **** piety under Qazlal
 20125 | D:13     | Reached XP level 13. HP: 102/107 MP: 23/23
 20534 | D:13     | Found a gate to the Vaults.
 20919 | D:7      | Bought a potion of curing for 48 gold pieces
 21007 | Lair:1   | Entered Level 1 of the Lair of Beasts
 21117 | Lair:1   | Reached skill level 11 in Earth Magic
 21167 | Lair:1   | Reached skill level 10 in Invocations
 22527 | Lair:2   | Identified 3 scrolls of acquirement
 22527 | Lair:2   | Acquired 788 gold pieces
 22528 | Lair:2   | Acquired the ring of Contentment {rC+ Will+ rCorr Dex+4}
 22530 | Lair:2   | Acquired 1044 gold pieces
 23572 | Lair:3   | Reached skill level 10 in Conjurations
 23816 | Lair:3   | Reached ***** piety under Qazlal
 24287 | Lair:3   | Gained mutation: Your mind is acute. (Int +2) [potion of
                  | mutation]
 24287 | Lair:3   | Gained mutation: Your tail ends in a venomous barb. [potion
                  | of mutation]
 24287 | Lair:3   | Gained mutation: You have hidden genetic potential. [potion
                  | of mutation]
 24291 | Lair:3   | Learned a level 2 spell: Poisonous Vapours
 24296 | Lair:3   | Learned a level 3 spell: Ignite Poison
 24807 | Lair:4   | Reached skill level 12 in Earth Magic
 25363 | Lair:4   | Found a staircase to the Shoals.
 25772 | Lair:4   | Found a hole to the Spider Nest.
 26169 | Lair:4   | Reached XP level 14. HP: 102/116 MP: 12/25
 26281 | Lair:5   | Found a gate leading to a gauntlet.
 26291 | Gauntlet | Entered a Gauntlet
 26291 | Gauntlet | Found a transporter.
 26291 | Gauntlet | Found a runed translucent gate.
 26291 | Gauntlet | Found a runed translucent gate.
 26385 | Gauntlet | Found a runed translucent gate.
 26387 | Gauntlet | Found a transporter.
 26387 | Gauntlet | Found the +2 hat of the Bear Spirit {Spirit, *Rage Will++}
 26389 | Gauntlet | Found a transporter.
 26394 | Gauntlet | Found a runed translucent door.
 26394 | Gauntlet | Found a runed translucent door.
 26399 | Gauntlet | Found a transporter.
 26402 | Gauntlet | Found a transporter.
 26410 | Gauntlet | Found a transporter.
 26431 | Gauntlet | Found a transporter.
 26441 | Gauntlet | Found a transporter.
 26448 | Gauntlet | Noticed a reaper
 26451 | Gauntlet | Found a transporter.
 26465 | Gauntlet | Found a transporter.
 26480 | Gauntlet | Found a transporter.
 26480 | Gauntlet | Found a transporter.
 26632 | Gauntlet | Found a transporter.
 26787 | Gauntlet | Paralysed by a hornet for 3 turns
 27754 | Lair:5   | Reached skill level 13 in Earth Magic
 27819 | Lair:5   | Learned a level 5 spell: Fireball
 28273 | Lair:6   | Entered Level 6 of the Lair of Beasts
 28280 | Lair:6   | Reached skill level 1 in Poison Magic
 28343 | Lair:6   | Reached skill level 1 in Transmutations
 28343 | Lair:6   | Reached skill level 1 in Fire Magic
 28348 | Lair:6   | Gained mutation: Your muscles are strong. (Str +2) [hidden
                  | potential]
 29233 | Lair:6   | Found a viscous altar of Jiyva.
 29233 | Lair:6   | Found a staircase to the Slime Pits.
 29512 | Lair:6   | Identified the +7 trident "Laruecsu" {flame, rC- Str+4
                  | Int+3 Stlth+}
 30281 | Orc:1    | Entered Level 1 of the Orcish Mines
 30281 | Orc:1    | Noticed Harold
 30533 | Orc:1    | Killed Harold
 30746 | Orc:2    | Entered Level 2 of the Orcish Mines
 30937 | Orc:1    | Reached XP level 15. HP: 117/125 MP: 25/27
 32758 | Orc:2    | Gained mutation: You are robust. (+10% HP) [hidden
                  | potential]
 32758 | Orc:2    | Lost mutation: You have hidden genetic potential. [hidden
                  | potential expressed]
 32993 | Orc:2    | Reached ****** piety under Qazlal
 33228 | Orc:2    | Found Vahoxo's Magic Scroll Boutique.
 33269 | Orc:2    | Bought a scroll of magic mapping for 45 gold pieces
 33269 | Orc:2    | Bought a scroll of enchant armour for 97 gold pieces
 33269 | Orc:2    | Bought 3 scrolls of fear for 136 gold pieces
 33282 | Orc:2    | Found a staircase to the Elven Halls.
 33292 | Orc:2    | Found Qostitos's Antique Armour Emporium.
 33292 | Orc:2    | Found Lirin's Antique Armour Boutique.
 33292 | Orc:2    | Found Qiseun's Jewellery Boutique.
 33292 | Orc:2    | Found Siudghise's Antique Armour Shoppe.
 33302 | Orc:2    | Bought a runed scarf for 272 gold pieces
 33565 | D:10     | Bought a manual of Evocations for 1200 gold pieces
 33572 | D:10     | Learned a level 3 spell: Mephitic Cloud
 33706 | Orc:1    | You fall into a shaft and drop 1 floor!
 33735 | Orc:1    | Reached skill level 14 in Earth Magic
 34015 | D:14     | Reached skill level 10 in Fighting
 34517 | D:14     | Found a bloodstained altar of Trog.
 34896 | D:15     | Entered Level 15 of the Dungeon
 34980 | D:15     | Noticed Kirke
 35135 | D:15     | Reached skill level 5 in Transmutations
 35191 | D:14     | Reached skill level 5 in Poison Magic
 35377 | D:15     | Reached skill level 5 in Fire Magic
 35892 | D:15     | Identified the +9 battleaxe of Edinaelut {venom, *Slow rN+
                  | rCorr Str+3}
 36166 | D:15     | Killed Kirke
 36177 | D:15     | Reached XP level 16. HP: 139/147 MP: 3/28
 36699 | D:15     | Found a staircase to the Depths.
 36938 | Orc:2    | Bought a ring of willpower for 375 gold pieces
 36938 | Orc:2    | Bought an amulet of regeneration for 450 gold pieces
 37206 | Shoals:1 | Entered Level 1 of the Shoals
 37524 | Shoals:1 | You fall into a shaft and drop 1 floor!
 37528 | Shoals:2 | Noticed Ilsuiw
 37568 | Shoals:2 | Killed Ilsuiw
 37857 | Shoals:2 | Noticed Polyphemus
 37887 | Shoals:2 | Killed Polyphemus
 38028 | Shoals:2 | Acquired 492 gold pieces
 38030 | Shoals:2 | Identified Roxanne's Disquisition on the Mountains
 38030 | Shoals:2 | Noticed Roxanne
 39089 | Shoals:1 | Found Hopis's Antique Armour Shop.
 39996 | Shoals:2 | Learned a level 6 spell: Iron Shot
 41798 | Shoals:2 | Killed Roxanne
 41950 | Shoals:2 | Reached skill level 10 in Evocations
 42131 | Shoals:3 | Reached skill level 15 in Earth Magic
 43270 | Shoals:3 | Found Guriv's Weapon Boutique.
 43459 | Shoals:3 | Reached XP level 17. HP: 155/155 MP: 17/30
 44195 | Shoals:4 | Entered Level 4 of the Shoals
 44510 | Shoals:4 | Noticed Mlioglotl
 45271 | Shoals:4 | HP: 4/157 [merfolk/+0 trident (5)]
 45271 | Shoals:4 | Slain by a manticore

Illustrated notes

Levels and vault maps discovered:
D:1:      onia_arrival_mini_spirals, layout_loops_ring, nicolae_wormholes
D:2:      layout_rooms
D:3:      layout_basic, cheibriados_altar_1
D:4:      layout_cave_pools
D:5:      layout_basic
D:6:      layout_gridville, minmay_temple_entry_wispy,
          kennysheep_generic_room_2, uniq_grinder, uniq_menkaure, uniq_duvessa,
          uniq_sigmund
D:7:      layout_loops_ring, minitemple, gammafunk_ghost_stat_death,
          serial_shops, nicolae_shop_behind_doors
D:8:      layout_cave_pools, tso_oasis_becter, fedhas_altar_fruit_tree,
          david_lair_shrubbed, kennysheep_pointless_box, kennysheep_doodads
D:9:      layout_loops_cross, general_overflow_altar,
          gammafunk_ghost_abyssal_escape, uniq_erolcha, uniq_pikel
D:10:     hellmonk_destroyed_diamonds, layout_basic, nicolae_blasting_shop,
          uniq_maggie
D:11:     layout_loops_cross, serial_shops, nicolae_shop_hallway_stairs,
          kennysheep_generic_room_15
D:12:     statuecave_lemuel, layout_cave_pods, david_orc_4,
          portal_ice_cave_rime, uniq_snorg
D:13:     layout_basic, hangedman_vaults_entry_quadrant_bands, nicolae_wand_duel
D:14:     layout_rooms, bloody_trog
D:15:     grunt_enter_depths_snipers, layout_long_grid, uniq_kirke
Temple:   eino_temple_rhombus
Lair:1:   layout_cave_pods, lemuel_fruit_tree, grunt_megastairs_1,
          infiniplex_staircase_pool, serial_bayou_shore_b, lemuel_fruit_fields,
          serial_bayou_shore_a
Lair:2:   layout_cave_pods
Lair:3:   layout_chaotic_city, nicolae_lair_lil_pond
Lair:4:   layout_regular_city, minmay_shoals_entry_centaurs,
          spider_nest_entry_funnel_web
Lair:5:   layout_long_grid, gauntlet_entry_generic, serial_bayou_lake_a,
          grunt_megastairs_2
Lair:6:   gammafunk_lair_ancient_temple, layout_hall_layers,
          dpeg_slime_entry_enclosed_altar, infiniplex_staircase_pool_2
Shoals:1: layout_shoals, serial_shops,
          nicolae_shop_temple_entry_statues_fountains,
          nicolae_shoals_land_atoll, nicolae_shoals_lost_giant_amphitheater,
          nicolae_shoals_square_sea_wall, nicolae_shoals_spectral_cove
Shoals:2: layout_shoals, nicolae_shoals_undead_eyrie, uniq_roxanne, uniq_ilsuiw,
          uniq_polyphemus
Shoals:3: layout_shoals, serial_shops, nicolae_shop_behind_doors
Shoals:4: shoals_end_grunt_garden, layout_shoals, uniq_mlioglotl
Orc:1:    layout_diamond_mine, nicolae_orc_damp_corner, uniq_harold
Orc:2:    st_orc_ogre_mass, layout_caves, serial_shops, nicolae_shop_statue_plus

Skill      XL: |  1  2  3  4  5  6  7  8  9 10 11 12 13 14 15 16 17 |
---------------+----------------------------------------------------+-----
Stealth        | 2 3 4 |  4.0
Fighting       | 1 2 3 4 5 6 7 8 9 10 | 10.8
Ice Magic      | 5 6 |  6.3
Spellcasting   | 3 4 5 6 7 8 9 |  9.3
Evocations     | 1 2 4 5 6 8 10 | 10.7
Earth Magic    | 2 4 6 7 9 10 12 13 14 15 | 15.2
Conjurations   | 1 3 5 6 7 8 10 11 12 | 12.8
Translocations | 1 3 |  3.0
Invocations    | 3 5 6 8 9 11 12 13 14 | 14.0
Shields        | 2 4 6 7 |  7.0
Axes           | 2 4 5 6 7 |  7.2
Poison Magic   | 3 5 6 |  6.4
Transmutations | 2 5 6 |  6.4
Fire Magic     | 3 5 6 7 |  7.0
Dodging        | |  1.7

Action                   |  1- 3 |  4- 6 |  7- 9 | 10-12 | 13-15 | 16-18 || total
-------------------------+-------+-------+-------+-------+-------+-------++-------
Melee: Club              |     7 |       |       |       |       |       ||     7
       Unarmed           |     4 |       |       |    10 |       |       ||    14
       Tailslap          |     2 |     6 |    19 |    35 |   103 |    72 ||   237
       Spear             |    77 |    87 |    56 |       |       |       ||   220
       Punch             |       |     1 |     1 |     1 |       |       ||     3
       Short sword       |       |       |    85 |    50 |       |       ||   135
       Hand axe          |       |       |       |   204 |   521 |   316 ||  1041
Throw: Stone             |     2 |    33 |    64 |    44 |       |       ||   143
       Dart              |       |       |       |    19 |     2 |       ||    21
 Cast: Freeze            |    54 |    20 |    43 |     4 |     2 |       ||   123
       Frozen Ramparts   |       |     7 |    26 |    47 |    52 |     2 ||   134
       Ensorcelled Hiber |       |     2 |       |       |       |       ||     2
       Stone Arrow       |       |       |    37 |   151 |   370 |    96 ||   654
       Ozocubu's Armour  |       |       |       |    23 |    50 |     7 ||    80
       Blink             |       |       |       |     1 |     3 |     1 ||     5
       Lee's Rapid Decon |       |       |       |    13 |    24 |     7 ||    44
       Poisonous Vapours |       |       |       |       |     5 |       ||     5
       Fireball          |       |       |       |       |    21 |    19 ||    40
       Iron Shot         |       |       |       |       |       |   115 ||   115
Invok: Disaster Area     |       |       |       |       |     2 |       ||     2
       Upheaval          |       |       |       |       |       |     1 ||     1
Evoke: Wand              |       |       |       |     1 |     2 |       ||     3
  Use: Potion            |       |     3 |       |     2 |     1 |     7 ||    13
       Scroll            |       |       |       |    10 |    25 |     5 ||    40
 Stab: Sleeping          |    10 |     3 |     4 |       |       |       ||    17
       Invisible         |       |       |       |       |       |     6 ||     6
Armor: Skin              |    27 |    33 |    75 |   171 |   430 |   391 ||  1127
Dodge: Dodged            |    56 |    55 |   107 |   163 |   395 |   370 ||  1146
       Repelled          |       |       |       |       |    10 |     7 ||    17
Block: Other             |       |       |       |     4 |       |       ||     4
       Buckler           |       |       |       |   102 |   541 |   552 ||  1195
